[ PARTIDA AOE2 · #504921747 ]
UnrankedPortugueses vs Poles
Equipo del jugador · VICT
Equipo rival · DERR
[ ANÁLISIS DE REPETICIÓN · EXTRAÍDO DE LA PARTIDA GRABADA ]
Feudal
11:01
Castillos
23:19
Imperial
37:24
| APM promedio | 10.6 |
| APM pico | 41 |
| eAPM promedio | 7.6 |
| Aldeanos / militares | 156 / 2117 |
Foco
⚔️ 66.4% · 🌾 33.6%
Scout Cavalry ×1149 · Spearman ×547 · Organ Gun ×165 · Bombard Cannon ×155 · Knight ×60 · Trebuchet (Packed) ×18
Feudal
8:56
Castillos
25:24
Imperial
40:37
| APM promedio | 103.6 |
| APM pico | 284 |
| eAPM promedio | 64.2 |
| Aldeanos / militares | 425 / 6068 |
Foco
⚔️ 64.0% · 🌾 36.0%
Scout Cavalry ×4623 · Spearman ×472 · Skirmisher ×291 · Archer ×210 · Bombard Cannon ×114 · Obuch ×97
Mapa de la partida
Recursos iniciales + cada clic de construcción. Líneas = muros · curvas = relieve. ◆ oro · ⬟ piedra · ● bayas · ✦ reliquia · ◌ hueco del cierre
Tu base· Abierta — flanco sin cerrar
Base de McLovin44666· ✓ Cerrada en 25:24 · 3t muro · 3 puerta(s)
Terreno inicial suavizado · ◌ = hueco del cierre detectado · pasá el cursor para detalles
Inputs por minuto
— simple5966 - - McLovin44666
Build order — simple5966
Primeras 150 de 889 acciones detectadas
| 0:04 | Encolar | Villager (Male) |
| 0:04 | Encolar | Villager (Male) |
| 0:04 | Encolar | Villager (Male) |
| 0:05 | Encolar | Villager (Male) |
| 0:07 | Construir | House |
| 0:10 | Construir | House |
| 1:32 | Encolar | Villager (Male) |
| 2:05 | Encolar | Villager (Male) |
| 2:28 | Encolar | Villager (Male) |
| 2:28 | Encolar | Villager (Male) |
| 2:45 | Encolar | Villager (Male) |
| 2:46 | Encolar | Villager (Male) |
| 3:05 | Construir | House |
| 3:10 | Encolar | Villager (Male) ×2 |
| 3:10 | Encolar | Villager (Male) ×2 |
| 3:43 | Encolar | Villager (Male) |
| 4:17 | Encolar | Villager (Male) |
| 4:17 | Encolar | Villager (Male) |
| 4:50 | Encolar | Villager (Male) ×2 |
| 4:50 | Encolar | Villager (Male) ×2 |
| 5:10 | Encolar | Villager (Male) ×2 |
| 5:43 | Encolar | Villager (Male) ×2 |
| 5:56 | Construir | House |
| 7:11 | Encolar | Villager (Male) ×5 |
| 7:12 | Encolar | Villager (Male) ×5 |
| 7:18 | Construir | Lumber Camp |
| 7:24 | Construir | Mill |
| 7:40 | Construir | House |
| 8:51 | Investigar | Feudal Age |
| 9:27 | Construir | Mining Camp |
| 9:39 | Construir | Mining Camp |
| 10:12 | Construir | House |
| 10:42 | Encolar | Villager (Male) ×5 |
| 10:46 | Investigar | Loom |
| 10:46 | Encolar | Villager (Male) ×5 |
| 11:01 | Edad | Edad Feudal |
| 11:08 | Construir | Watch Tower |
| 11:19 | Construir | Watch Tower |
| 11:32 | Encolar | Villager (Male) ×5 |
| 13:00 | Encolar | Villager (Male) ×5 |
| 13:41 | Construir | Blacksmith |
| 13:48 | Construir | Farm |
| 13:49 | Construir | Farm |
| 14:11 | Construir | Watch Tower |
| 14:18 | Construir | Watch Tower |
| 14:35 | Investigar | Fletching |
| 14:37 | Encolar | Villager (Male) |
| 15:29 | Construir | Farm |
| 15:45 | Construir | Farm |
| 15:45 | Construir | Farm |
| 15:45 | Construir | Farm |
| 15:46 | Construir | Farm |
| 15:46 | Construir | Farm |
| 15:46 | Construir | Farm |
| 16:30 | Encolar | Villager (Male) ×5 |
| 17:17 | Construir | House |
| 17:23 | Construir | House |
| 18:14 | Construir | Market |
| 18:43 | Construir | Farm |
| 19:03 | Construir | Farm |
| 19:09 | Construir | House |
| 19:10 | Construir | House |
| 19:33 | Encolar | Villager (Male) |
| 19:34 | Encolar | Villager (Male) |
| 20:39 | Investigar | Castle Age |
| 21:35 | Encolar | Villager (Male) ×2 |
| 21:46 | Construir | House |
| 22:18 | Construir | Outpost |
| 22:33 | Construir | Barracks |
| 23:09 | Encolar | Villager (Male) ×3 |
| 23:19 | Edad | Edad de los Castillos |
| 23:33 | Construir | Castle |
| 23:55 | Construir | Monastery |
| 24:26 | Construir | Farm |
| 24:34 | Encolar | Monk |
| 24:35 | Encolar | Monk |
| 24:38 | Encolar | Spearman |
| 24:39 | Encolar | Spearman |
| 25:15 | Construir | Lumber Camp |
| 25:22 | Construir | Gate |
| 25:32 | Encolar | Spearman |
| 25:34 | Encolar | Organ Gun |
| 25:34 | Encolar | Organ Gun |
| 25:48 | Construir | Mining Camp |
| 26:45 | Encolar | Organ Gun |
| 27:09 | Construir | House |
| 27:10 | Construir | House |
| 27:16 | Encolar | Villager (Male) ×5 |
| 27:16 | Encolar | Villager (Male) ×5 |
| 27:52 | Investigar | Pikeman (upgrade) |
| 27:52 | Encolar | Spearman ×5 |
| 28:03 | Encolar | Monk |
| 28:18 | Encolar | Organ Gun |
| 28:18 | Encolar | Organ Gun |
| 28:37 | Construir | Town Center |
| 29:22 | Encolar | Organ Gun ×3 |
| 30:26 | Encolar | Monk |
| 30:54 | Encolar | Villager (Male) ×5 |
| 30:54 | Encolar | Villager (Male) ×5 |
| 32:22 | Investigar | Wheelbarrow |
| 32:44 | Encolar | Villager (Male) ×5 |
| 33:10 | Construir | University |
| 33:30 | Construir | Siege Workshop |
| 34:08 | Investigar | Imperial Age |
| 34:10 | Investigar | Town Watch |
| 34:33 | Construir | Farm |
| 34:34 | Construir | Farm |
| 34:46 | Encolar | Monk |
| 34:49 | Encolar | Organ Gun |
| 34:49 | Encolar | Organ Gun |
| 34:56 | Encolar | Spearman |
| 35:09 | Investigar | Fortified Wall (upgrade) |
| 35:26 | Construir | Mill |
| 35:29 | Construir | Farm |
| 35:29 | Construir | Farm |
| 35:29 | Construir | Farm |
| 35:30 | Construir | Farm |
| 35:30 | Construir | Farm |
| 35:30 | Construir | Farm |
| 35:30 | Construir | Farm |
| 36:10 | Encolar | Villager (Male) ×5 |
| 37:23 | Construir | Stone Wall |
| 37:24 | Edad | Edad Imperial |
| 37:25 | Construir | Stone Wall |
| 37:32 | Construir | Stone Wall |
| 37:36 | Construir | Gate |
| 37:42 | Encolar | Trebuchet (Packed) |
| 37:42 | Encolar | Trebuchet (Packed) |
| 37:49 | Encolar | Villager (Male) ×5 |
| 37:51 | Encolar | Villager (Male) ×5 |
| 37:57 | Investigar | Chemistry |
| 38:23 | Investigar | Bodkin Arrow |
| 38:27 | Encolar | Spearman ×3 |
| 38:56 | Investigar | Double-Bit Axe |
| 39:04 | Encolar | Villager (Male) ×4 |
| 39:16 | Construir | House |
| 39:17 | Construir | House |
| 39:20 | Construir | House |
| 39:22 | Construir | House |
| 39:23 | Construir | House |
| 39:46 | Encolar | Monk |
| 39:59 | Encolar | Villager (Male) ×5 |
| 39:59 | Encolar | Villager (Male) ×5 |
| 40:36 | Encolar | Bombard Cannon |
| 40:36 | Encolar | Bombard Cannon |
| 40:37 | Encolar | Bombard Cannon |
| 41:03 | Construir | Gate |
| 41:35 | Encolar | Spearman ×5 |
| 41:53 | Construir | Mining Camp |
| 42:18 | Construir | Mining Camp |
Build order — McLovin44666
Primeras 150 de 6137 acciones detectadas
| 0:01 | Encolar | Villager (Male) |
| 0:01 | Encolar | Villager (Male) |
| 0:01 | Encolar | Villager (Male) |
| 0:01 | Encolar | Villager (Male) |
| 0:04 | Construir | House |
| 0:08 | Construir | House |
| 1:29 | Encolar | Villager (Male) |
| 1:29 | Encolar | Villager (Male) |
| 1:50 | Construir | Lumber Camp |
| 2:03 | Encolar | Villager (Male) |
| 2:23 | Encolar | Villager (Male) |
| 2:54 | Encolar | Villager (Male) |
| 2:54 | Encolar | Villager (Male) |
| 3:21 | Encolar | Villager (Male) |
| 3:45 | Encolar | Villager (Male) |
| 3:46 | Encolar | Villager (Male) |
| 3:52 | Construir | House |
| 4:04 | Encolar | Villager (Male) |
| 4:29 | Encolar | Villager (Male) |
| 4:30 | Encolar | Villager (Male) |
| 4:52 | Encolar | Villager (Male) |
| 4:52 | Encolar | Villager (Male) |
| 4:52 | Encolar | Villager (Male) |
| 5:44 | Encolar | Villager (Male) |
| 5:45 | Encolar | Villager (Male) |
| 5:45 | Investigar | Loom |
| 5:54 | Construir | Mill |
| 6:46 | Investigar | Feudal Age |
| 7:11 | Construir | Mining Camp |
| 7:55 | Encolar | Villager (Male) |
| 7:56 | Encolar | Villager (Male) |
| 7:56 | Encolar | Villager (Male) |
| 7:56 | Encolar | Villager (Male) |
| 8:56 | Edad | Edad Feudal |
| 8:59 | Construir | Watch Tower |
| 9:10 | Encolar | Villager (Male) |
| 9:10 | Encolar | Villager (Male) |
| 9:25 | Encolar | Villager (Male) |
| 9:56 | Encolar | Villager (Male) |
| 10:03 | Construir | Blacksmith |
| 10:10 | Construir | House |
| 10:35 | Construir | Outpost |
| 11:12 | Construir | Watch Tower |
| 11:26 | Construir | Watch Tower |
| 11:38 | Encolar | Villager (Male) |
| 11:39 | Encolar | Villager (Male) |
| 11:53 | Investigar | Fletching |
| 13:00 | Encolar | Villager (Male) |
| 13:00 | Encolar | Villager (Male) |
| 13:00 | Encolar | Villager (Male) |
| 13:15 | Construir | Barracks |
| 13:22 | Encolar | Villager (Male) |
| 13:22 | Encolar | Villager (Male) |
| 13:33 | Construir | House |
| 13:38 | Construir | House |
| 14:01 | Construir | Palisade Wall |
| 14:03 | Construir | Palisade Wall |
| 14:31 | Construir | Stone Wall |
| 14:51 | Construir | Stable |
| 14:54 | Encolar | Spearman |
| 14:54 | Encolar | Militia |
| 15:11 | Construir | Lumber Camp |
| 15:24 | Construir | Gate |
| 15:27 | Encolar | Villager (Male) |
| 15:27 | Encolar | Villager (Male) |
| 15:27 | Encolar | Villager (Male) |
| 15:31 | Encolar | Spearman |
| 15:42 | Encolar | Villager (Male) |
| 15:47 | Construir | Farm |
| 15:47 | Construir | Farm |
| 15:47 | Construir | Farm |
| 15:48 | Construir | Farm |
| 15:48 | Construir | Farm |
| 15:48 | Construir | Farm |
| 15:48 | Construir | Farm |
| 15:53 | Encolar | Villager (Male) |
| 15:54 | Encolar | Villager (Male) |
| 16:22 | Encolar | Villager (Male) |
| 16:28 | Encolar | Villager (Male) |
| 16:28 | Encolar | Villager (Male) |
| 16:37 | Construir | Farm |
| 16:38 | Construir | Farm |
| 16:44 | Construir | Farm |
| 16:57 | Investigar | Double-Bit Axe |
| 17:13 | Construir | Farm |
| 17:25 | Encolar | Spearman |
| 17:27 | Encolar | Scout Cavalry |
| 17:42 | Encolar | Scout Cavalry |
| 17:49 | Construir | Farm |
| 17:50 | Construir | Farm |
| 17:58 | Construir | Farm |
| 18:02 | Construir | Farm |
| 18:08 | Construir | House |
| 18:09 | Construir | House |
| 18:14 | Encolar | Scout Cavalry |
| 18:28 | Construir | Farm |
| 18:34 | Construir | Farm |
| 18:41 | Encolar | Scout Cavalry |
| 18:44 | Encolar | Scout Cavalry |
| 19:12 | Construir | Mill |
| 19:22 | Encolar | Villager (Male) |
| 19:22 | Encolar | Villager (Male) |
| 19:23 | Encolar | Villager (Male) |
| 19:23 | Encolar | Villager (Male) |
| 19:23 | Encolar | Villager (Male) |
| 19:29 | Encolar | Villager (Male) |
| 19:30 | Encolar | Villager (Male) |
| 19:56 | Construir | Farm |
| 20:27 | Construir | Farm |
| 20:27 | Construir | Farm |
| 20:28 | Construir | Farm |
| 20:28 | Construir | Farm |
| 20:28 | Construir | Farm |
| 20:29 | Construir | Farm |
| 20:47 | Investigar | Scale Barding Armor |
| 21:06 | Construir | Stable |
| 21:46 | Construir | Market |
| 22:23 | Construir | Farm |
| 22:28 | Construir | Farm |
| 22:44 | Investigar | Castle Age |
| 22:53 | Encolar | Scout Cavalry |
| 23:05 | Investigar | Horse Collar |
| 23:16 | Encolar | Scout Cavalry |
| 23:25 | Construir | Farm |
| 23:25 | Construir | Farm |
| 23:25 | Construir | Farm |
| 23:26 | Construir | Farm |
| 23:26 | Construir | Farm |
| 23:26 | Construir | Farm |
| 23:26 | Construir | Farm |
| 23:57 | Construir | Mill |
| 24:04 | Encolar | Scout Cavalry |
| 24:14 | Construir | Mining Camp |
| 24:33 | Construir | Lumber Camp |
| 24:36 | Investigar | Wheelbarrow |
| 25:24 | Edad | Edad de los Castillos |
| 25:24 | Investigar | Light Cavalry (upgrade) |
| 25:25 | Investigar | Bloodlines |
| 25:26 | Investigar | Husbandry |
| 25:28 | Encolar | Villager (Male) |
| 25:28 | Encolar | Villager (Male) |
| 25:28 | Encolar | Villager (Male) |
| 25:28 | Encolar | Villager (Male) |
| 25:29 | Encolar | Villager (Male) |
| 25:35 | Construir | Monastery |
| 25:38 | Encolar | Villager (Male) |
| 25:54 | Construir | Farm |
| 26:30 | Construir | Castle |
| 26:34 | Encolar | Monk |
| 26:45 | Encolar | Scout Cavalry |
Cronología de la partida
| 8:56 | McLovin44666 · age_up feudal |
| 11:01 | simple5966 · age_up feudal |
| 13:15 | McLovin44666 · first_building Barracks |
| 14:01 | McLovin44666 · wall_segment Palisade Wall x1 |
| 14:03 | McLovin44666 · wall_segment Palisade Wall x1 |
| 14:31 | McLovin44666 · wall_segment Stone Wall x1 |
| 14:51 | McLovin44666 · first_building Stable |
| 19:40 | simple5966 · first_market_buy 100 food |
| 22:33 | simple5966 · first_building Barracks |
| 23:19 | simple5966 · age_up castle |
| 23:33 | simple5966 · first_building Castle |
| 23:55 | simple5966 · first_building Monastery |
| 25:24 | McLovin44666 · age_up castle |
| 25:35 | McLovin44666 · first_building Monastery |
| 26:30 | McLovin44666 · first_building Castle |
| 33:30 | simple5966 · first_building Siege Workshop |
| 34:04 | simple5966 · first_market_sell 100 wood |
| 37:23 | simple5966 · wall_segment Stone Wall x21 |
| 37:24 | simple5966 · age_up imperial |
| 37:25 | simple5966 · wall_segment Stone Wall x1 |
| 37:32 | simple5966 · wall_segment Stone Wall x44 |
| 39:31 | McLovin44666 · wall_segment Palisade Wall x1 |
| 40:37 | McLovin44666 · age_up imperial |
| 43:37 | McLovin44666 · first_market_buy 100 stone |
| 44:01 | simple5966 · wall_segment Stone Wall x22 |
| 45:57 | McLovin44666 · first_building Siege Workshop |
| 46:24 | simple5966 · wall_segment Stone Wall x17 |
| 46:38 | simple5966 · wall_segment Stone Wall x1 |
| 47:50 | McLovin44666 · wall_segment Stone Wall x45 |
| 48:06 | simple5966 · wall_segment Stone Wall x19 |
| 48:35 | McLovin44666 · wall_segment Stone Wall x22 |
| 48:59 | simple5966 · wall_segment Stone Wall x1 |
| 49:02 | simple5966 · wall_segment Stone Wall x2 |
| 49:49 | simple5966 · wall_segment Stone Wall x16 |
| 50:49 | McLovin44666 · first_building Archery Range |
| 52:28 | simple5966 · wall_segment Stone Wall x18 |
| 52:41 | simple5966 · wall_segment Stone Wall x19 |
| 53:21 | simple5966 · first_building Stable |
| 53:41 | simple5966 · wall_segment Stone Wall x18 |
| 54:17 | simple5966 · wall_segment Stone Wall x4 |
| 55:36 | simple5966 · wall_segment Stone Wall x7 |
| 56:24 | simple5966 · wall_segment Stone Wall x3 |
| 56:27 | simple5966 · wall_segment Stone Wall x6 |
| 56:30 | simple5966 · wall_segment Stone Wall x7 |
| 59:06 | simple5966 · wall_segment Stone Wall x1 |
| 59:22 | simple5966 · wall_segment Stone Wall x7 |
| 59:24 | simple5966 · wall_segment Stone Wall x6 |
| 59:45 | simple5966 · wall_segment Stone Wall x6 |
| 60:09 | simple5966 · wall_segment Stone Wall x7 |
| 60:30 | simple5966 · wall_segment Stone Wall x3 |
| 68:33 | simple5966 · wall_segment Stone Wall x27 |
| 68:53 | simple5966 · wall_segment Stone Wall x13 |
| 70:20 | simple5966 · wall_segment Stone Wall x27 |
| 70:59 | simple5966 · wall_segment Stone Wall x4 |
| 71:45 | simple5966 · wall_segment Stone Wall x28 |
| 73:40 | simple5966 · wall_segment Stone Wall x17 |
| 75:09 | simple5966 · wall_segment Stone Wall x4 |
| 77:04 | simple5966 · wall_segment Stone Wall x20 |
| 78:06 | McLovin44666 · first_market_sell 100 wood |
| 78:10 | simple5966 · wall_segment Stone Wall x7 |
| 79:16 | simple5966 · wall_segment Stone Wall x5 |
| 80:19 | simple5966 · wall_segment Stone Wall x8 |
| 81:14 | simple5966 · wall_segment Stone Wall x1 |
| 82:58 | simple5966 · first_building Archery Range |
| 83:40 | simple5966 · wall_segment Stone Wall x1 |
| 83:59 | simple5966 · wall_segment Stone Wall x17 |
| 87:58 | simple5966 · wall_segment Stone Wall x36 |
| 88:14 | simple5966 · wall_segment Stone Wall x12 |
| 91:53 | simple5966 · wall_segment Stone Wall x4 |
| 94:01 | simple5966 · wall_segment Stone Wall x18 |
| 94:15 | simple5966 · wall_segment Stone Wall x5 |
| 97:13 | simple5966 · wall_segment Stone Wall x2 |
| 97:16 | simple5966 · wall_segment Stone Wall x15 |
| 99:40 | simple5966 · wall_segment Stone Wall x9 |
| 100:19 | simple5966 · wall_segment Stone Wall x3 |
| 100:26 | simple5966 · wall_segment Stone Wall x1 |
| 100:27 | simple5966 · wall_segment Stone Wall x1 |
| 101:17 | simple5966 · wall_segment Stone Wall x6 |
| 103:40 | simple5966 · wall_segment Stone Wall x9 |
| 105:18 | simple5966 · wall_segment Stone Wall x27 |
| 107:11 | simple5966 · wall_segment Stone Wall x11 |
| 107:53 | simple5966 · wall_segment Stone Wall x3 |
| 108:05 | simple5966 · wall_segment Stone Wall x37 |
| 110:47 | simple5966 · wall_segment Stone Wall x2 |
| 112:14 | simple5966 · wall_segment Stone Wall x7 |
| 115:35 | simple5966 · wall_segment Stone Wall x21 |
| 116:24 | simple5966 · wall_segment Stone Wall x6 |
| 120:30 | simple5966 · wall_segment Stone Wall x1 |
| 124:11 | simple5966 · wall_segment Stone Wall x7 |
| 131:30 | simple5966 · wall_segment Stone Wall x1 |
| 144:51 | simple5966 · wall_segment Stone Wall x12 |
| 149:17 | simple5966 · wall_segment Stone Wall x8 |
| 149:32 | simple5966 · wall_segment Stone Wall x6 |
| 149:58 | simple5966 · wall_segment Stone Wall x9 |
| 151:18 | simple5966 · wall_segment Stone Wall x6 |
| 152:47 | simple5966 · wall_segment Stone Wall x10 |
| 153:36 | simple5966 · wall_segment Stone Wall x6 |
| 157:31 | simple5966 · wall_segment Stone Wall x6 |
| 176:35 | simple5966 · wall_segment Stone Wall x2 |
| 176:44 | simple5966 · wall_segment Stone Wall x14 |
| 181:30 | McLovin44666 · wall_segment Stone Wall x21 |
| 181:41 | McLovin44666 · wall_segment Stone Wall x18 |
| 190:10 | McLovin44666 · wall_segment Palisade Wall x1 |
| 190:13 | McLovin44666 · wall_segment Palisade Wall x1 |
| 193:00 | simple5966 · wall_segment Stone Wall x4 |
| 193:03 | simple5966 · wall_segment Stone Wall x8 |
| 246:01 | McLovin44666 · wall_segment Stone Wall x3 |
| 248:39 | McLovin44666 · wall_segment Stone Wall x5 |
| 255:15 | simple5966 · wall_segment Stone Wall x2 |
| 255:19 | simple5966 · wall_segment Stone Wall x3 |
| 259:19 | simple5966 · wall_segment Stone Wall x2 |
| 261:14 | simple5966 · wall_segment Stone Wall x1 |
| 270:48 | simple5966 · wall_segment Stone Wall x8 |
| 270:51 | simple5966 · wall_segment Stone Wall x4 |
| 278:30 | simple5966 · wall_segment Stone Wall x11 |
| 299:49 | McLovin44666 · wall_segment Stone Wall x17 |
| 300:25 | McLovin44666 · wall_segment Stone Wall x1 |
| 306:38 | simple5966 · wall_segment Stone Wall x6 |
| 308:15 | simple5966 · wall_segment Stone Wall x5 |
| 310:01 | simple5966 · wall_segment Stone Wall x5 |
| 312:42 | McLovin44666 · wall_segment Stone Wall x9 |
| 312:53 | simple5966 · wall_segment Stone Wall x10 |
| 313:00 | simple5966 · wall_segment Stone Wall x6 |
| 313:52 | McLovin44666 · wall_segment Palisade Wall x12 |
| 315:19 | McLovin44666 · wall_segment Palisade Wall x10 |
| 317:18 | McLovin44666 · wall_segment Stone Wall x11 |
| 317:46 | McLovin44666 · wall_segment Stone Wall x18 |
| 318:15 | McLovin44666 · wall_segment Stone Wall x1 |
| 321:11 | McLovin44666 · wall_segment Stone Wall x13 |
| 323:07 | McLovin44666 · resign |
[ ANÁLISIS IA · 1 CRÉDITO ]
¿Qué pasó realmente en esta partida?
Wolo.gg analiza cada decisión: build order, eco, micro, errores típicos por bracket. Análisis personalizado por WhatsApp o Discord en 30 segundos.
Guía civ
Portugueses
Perfil
Jugador #18410997